 Dungeon Crawl Stone Soup version 0.31-a0-167-g1c394c0614 (webtiles) character file.

Game seed: 2797034993681429063

395 Hubris850 the Insei (level 6, -4/38 HPs)
             Began as an Octopode Transmuter on June 14, 2023.
             Slain by a gnoll
             ... wielding a +0 spear
              (8 damage)
             ... on level 4 of the Dungeon.
             The game lasted 00:07:09 (2578 turns).

Hubris850 the Insei (Octopode Transmuter)           Turns: 2578, Time: 00:07:09

Health: -4/38      AC:  1    Str:  9    XL:     6   Next: 82%
Magic:  6/11       EV: 13    Int: 19    God:
Gold:   205        SH:  0    Dex: 13    Spells: 0/11 levels left

rFire   + .          .
                       - Unarmed
rCold   . . .        (no shield)
rNeg    . . .        (helmet restricted)
rPois   .            i - amulet "Ryvefued" {Acrobat rF+ Regen+ Int+2}
rElec   .            (no ring)
rCorr   .            (no ring)
SInv    .            (no ring)
Will    .....        (no ring)
Stlth   ++           (no ring)
HPRegen 1.06/turn    (no ring)
MPRegen 0.12/turn    (no ring)
                     (no ring)

%: acrobat
@: no status effects
A: almost no armour, amphibious, 8 rings, camouflage 1, gelatinous body 1,
(nimble swimmer 1), tentacles
a: no special abilities


You were on level 4 of the Dungeon.
You visited 1 branch of the dungeon, and saw 4 of its levels.

You collected 205 gold pieces.

Inventory:

Missiles
 f - 6 poisoned darts
 l - 2 silver boomerangs
 m - a throwing net
Jewellery
 i - the amulet "Ryvefued" (around mantle) {Acrobat rF+ Regen+ Int+2}
   (You found it on level 2 of the Dungeon)

   [amulet of the acrobat]

   It increases your evasion while moving and waiting.
   Int:       It affects your intelligence (+2).
   rF:        It protects you from fire.
   Regen:     It increases your rate of health regeneration.
Wands
 o - a wand of polymorph (10)
Scrolls
 b - 2 scrolls of amnesia {unknown}
 d - a scroll of identify {unknown}
 e - a scroll of fog {unknown}
 h - a scroll of poison {unknown}
 j - a scroll of revelation {unknown}
 k - 3 scrolls of teleportation {unknown}
 n - a scroll of fear {unknown}
Potions
 a - a potion of enlightenment {unknown}
 c - 2 potions of might
 g - 2 potions of heal wounds {unknown}


   Skills:
 - Level 1.0 Fighting
 - Level 2.0 Dodging
 - Level 5.0 Unarmed Combat
 + Level 3.4 Spellcasting
 + Level 3.6 Transmutations
 + Level 2.8 Ice Magic


You couldn't memorise any spells.
You knew the following spells:

 Your Spells              Type           Power      Damage    Failure   Level
a - Beastly Appendage     Tmut           34%        N/A       3%          1
b - Spider Form           Tmut/Pois      10%        N/A       21%         3
c - Frozen Ramparts       Ice            28%        1d5       14%         3
d - Ice Form              Ice/Tmut       15%        N/A       36%         4

Your spell library contained the following spells:

 Spells                   Type           Power      Damage    Failure   Level
 Freeze                   Ice            56%        1d7       4%          1
 Wereblood                Tmut           17%        N/A       4%          2
 Cigotuvi's Dreadful Rot  Necr/Pois/Air  6%         N/A       22%         2
 Scorch                   Fire           6%         2d5       22%         2
 Hailstorm                Conj/Ice       8%         3d4       24%         3
 Dispel Undead            Necr           3%         3d7       82%         4
 Flame Wave               Conj/Fire      3%         2d5       82%         4
 Death Channel            Necr           1%         N/A       100%        6
 Summon Cactus Giant      Summ           1%         N/A       100%        6


Dungeon Overview and Level Annotations

Branches:
Dungeon (4/15)
 Temple: D:4-7

Altars:
The Shining One


Innate Abilities, Weirdness & Mutations

You cannot wear most types of armour.
You are amphibious.
You can wear up to eight rings at the same time.
Your skin changes colour to match your surroundings (Stealth+).
Your rubbery body absorbs attacks. (AC +1, EV +1)
((You are camouflaged when in or above water. (Stealth+)))
You have tentacles for arms and can constrict up to eight enemies at once.


Message History

The wall freezes the gnoll but does no damage.
The gnoll misses you.
The wall freezes the gnoll.
The gnoll completely misses you.
Your magical contamination has completely faded away.
The wall freezes the gnoll but does no damage.
The gnoll hits you from afar with a +0 halberd!
The wall freezes the gnoll.
The gnoll hits you from afar with a +0 spear.
Unknown command.
The frozen ramparts melt away.
The gnoll completely misses you. The gnoll closely misses you.
Your tentacle spike disappears.
The gnoll closely misses you. The gnoll barely misses you.
You completely miss the gnoll. You grab the gnoll. You constrict the gnoll.
The gnoll misses you. The gnoll barely misses you.
The gnoll hits you from afar with a +0 spear.
You tentacle-slap the gnoll but do no damage.
You squeeze the gnoll.
The gnoll is heavily wounded.
You constrict the gnoll, but do no damage.
The gnoll barely misses you. x2
The gnoll hits you from afar with a +0 spear.
You tentacle-slap the gnoll but do no damage.
You squeeze the gnoll!
You kill the gnoll!
The gnoll hits you from afar with a +0 spear!
The gnoll misses you.
Found a barding.
The gnoll closely misses you. x2
You see here a +0 halberd.
You tentacle-slap the gnoll but do no damage.
You grab the gnoll.
The gnoll is almost dead.
You constrict the gnoll. The gnoll hits you with a +0 spear.
* * * LOW HITPOINT WARNING * * *
The gnoll hits you with a +0 spear!
* * * LOW HITPOINT WARNING * * *
You tentacle-slap the gnoll.
You kill the gnoll!
The gnoll hits you with a +0 spear!
You die...

#### ...#######
..[... ..........
..... ...# ....
...### ... .....# ..
####.## ##.# .# #..#
#)g# .# ##<## #@# .#
#..#########.###.##.
.#
##.##...............
.##
#.##.#####.####.###
..# #.#..###...# #.#
#........###
..######.###..##
#...####.# #...#
##..##...# #.#...


You could see a gnoll.

Vanquished Creatures
  Sigmund (D:2)
  A howler monkey (D:4)
  A hound (D:4)
  Crazy Yiuf (D:2)
  Jessica (D:2)
  2 gnolls (D:4)
  4 adders
  A dart slug (D:3)
  An orc (D:3)
  7 ball pythons
  11 endoplasms
  4 giant cockroaches
  8 goblins
  5 hobgoblins
  3 quokkas
  9 bats
  4 frilled lizards
  4 kobolds
  5 rats
73 creatures vanquished.

Notes
Turn   | Place    | Note
-------+----------+-------------------------------------------
     0 | D:1      | Hubris850 the Octopode Transmuter began the quest for the
                  | Orb.
     0 | D:1      | Reached XP level 1. HP: 13/13 MP: 3/3
    74 | D:1      | Reached XP level 2. HP: 7/18 MP: 5/5
   481 | D:1      | Reached skill level 4 in Unarmed Combat
   485 | D:1      | Reached XP level 3. HP: 23/23 MP: 6/6
   489 | D:1      | Learned a level 3 spell: Spider Form
   937 | D:2      | Found a faded altar of an unknown god.
  1114 | D:2      | Reached XP level 4. HP: 26/28 MP: 7/7
  1148 | D:2      | Noticed Jessica
  1155 | D:2      | Killed Jessica
  1156 | D:2      | Reached skill level 5 in Unarmed Combat
  1160 | D:2      | Learned a level 3 spell: Frozen Ramparts
  1167 | D:2      | Identified the amulet "Ryvefued" {Acrobat rF+ Regen+ Int+2}
  1255 | D:2      | Noticed Sigmund
  1266 | D:2      | Killed Sigmund
  1267 | D:2      | Reached XP level 5. HP: 33/33 MP: 7/9
  1267 | D:2      | Reached XP level 6. HP: 38/38 MP: 7/10
  1325 | D:2      | Found a runed translucent door.
  1326 | D:2      | Noticed Crazy Yiuf
  1334 | D:2      | Killed Crazy Yiuf
  1491 | D:3      | Learned a level 4 spell: Ice Form
  1942 | D:3      | Found a glowing golden altar of the Shining One.
  2578 | D:4      | Slain by a gnoll

Illustrated notes

Levels and vault maps discovered:
D:1:      lightli_arrival_maybe_door_vault, layout_basic
D:2:      layout_basic, ebering_ecumenical_altar_abandoned, uniq_jessica,
          uniq_crazy_yiuf_cottage, uniq_sigmund
D:3:      layout_basic, mainiacjoe_overflow_brackets, serial_rivers,
          chequers_serial_rivers_room_a, chequers_serial_rivers_small_3,
          chequers_serial_rivers_large_b, chequers_serial_rivers_room_b,
          chequers_serial_rivers_small_b
D:4:      layout_rooms, dreamdust_mushroom_princess, uniq_ijyb

Skill      XL: |  1  2  3  4  5  6 |
---------------+-------------------+-----
Unarmed Combat | 4 5 |  5.0
Transmutations | 3 |  3.6
Ice Magic      | 2 |  2.8
Spellcasting   | 3 |  3.4
Fighting       | |  1.0
Dodging        | |  2.0

Action                     |  1- 3 |  4- 6 || total
---------------------------+-------+-------++-------
  Melee: Unarmed           |    94 |    87 ||   181
         Constrict         |    27 |    19 ||    46
         Tentacles         |    15 |    31 ||    46
         Punch             |     1 |     5 ||     6
   Cast: Beastly Appendage |       |     1 ||     1
         Frozen Ramparts   |       |     1 ||     1
    Use: Potion            |       |     3 ||     3
   Stab: Sleeping          |     7 |     6 ||    13
 Armour: Skin              |     9 |     5 ||    14
  Dodge: Dodged            |    69 |    60 ||   129

Table legend: (Time is in decaauts)
 A = Elapsed time spent in this place.
 B = Non-inter-level travel time spent in this place.
 C = Inter-level travel time spent in this place.
 D = Time resting spent in this place.
 E = Time spent auto-exploring this place.
 F = Levels seen in this place.
 G = Mean time per level.
                   A        B        C        D        E       F      G
               +--------+--------+--------+--------+--------+-----+--------+
         Total |   2563 |   2426 |    137 |     92 |   1778 |   4 |  640.8 |
       Dungeon |   2563 |   2426 |    137 |     92 |   1778 |   4 |  640.8 |
               +--------+--------+--------+--------+--------+-----+--------+

Top non-repeatable levels by time:
     D:3: 1029 daAuts
     D:1: 825 daAuts
     D:2: 577 daAuts
     D:4: 131 daAuts
